 Dungeon Crawl Stone Soup version 0.27.0-1-g7a089689b8 (webtiles) character file.

Game seed: 8523668465713913390

124 HungrySpirit the Skirmisher (level 4, -1/36 HPs)
             Began as a Mummy Abyssal Knight on Aug 1, 2021.
             Was a Believer of Lugonu.
             Killed from afar by Natasha (6 damage)
             ... with a magic dart
             ... on level 3 of the Dungeon.
             The game lasted 00:05:23 (3946 turns).

HungrySpirit the Skirmisher (Mummy Abyssal Knight)  Turns: 3946, Time: 00:05:23

Health: -1/36      AC:  5    Str: 15    XL:     4   Next: 81%
Magic:  0/5        EV: 11    Int: 11    God:    Lugonu [**....]
Gold:   49         SH:  0    Dex: 12    Spells: 3/3 levels left

rFire    x . .     SeeInvis .   d - +0 short sword
rCold    + . .     Faith    .   (no shield)
rNeg     + + +     Spirit   +   e - +0 ring mail
rPois    ∞         Reflect  .   (no helmet)
rElec    .         Harm     .   (no cloak)
rCorr    .         Rampage  .   (no gloves)
Will     .....                  (no boots)
Stlth    +.........             g - amulet of guardian spirit
HPRegen  0.12/turn              (no ring)
MPRegen  0.09/turn              (no ring)

@: slowed, very slow
A: cold resistance 1, negative energy resistance 3, torment resistance 2, heat
vulnerability 1, no potions
a: Renounce Religion, Depart the Abyss, Bend Space


You were on level 3 of the Dungeon.
You worshipped Lugonu.
Lugonu was pleased with you.
You visited 1 branch of the dungeon, and saw 3 of its levels.
You visited the Abyss 1 time.

You collected 49 gold pieces.

Inventory:

Hand Weapons
 d - a +0 short sword (weapon)
Armour
 e - a +0 ring mail (worn)
Jewellery
 g - an amulet of guardian spirit (around neck)
Wands
 a - a wand of digging (4)
Scrolls
 b - 3 scrolls of identify {unknown}
 c - a scroll of fear {unknown}
 f - a scroll of enchant weapon {unknown}


   Skills:
 + Level 3.6 Fighting
 + Level 0.6 Short Blades
 - Level 2.1 Armour
 + Level 1.8 Dodging
 + Level 2.8 Unarmed Combat
 - Level 1.5 Invocations


You had 3 spell levels left.
You didn't know any spells.
Your spell library was empty.

Dungeon Overview and Level Annotations

Branches:
Dungeon (3/15)

Altars:

Annotations:
D:2 Terence
D:3 Natasha


Innate Abilities, Weirdness & Mutations

You are immune to poison.
Your flesh is cold resistant. (rC+)
You are immune to negative energy. (rN+++)
You are immune to unholy pain and torment.
You are vulnerable to heat. (rF-)
You do not drink.


Message History

You swing at nothing.
You see here the felid corpse of Natasha.
You swing at nothing.
You hit Natasha.
Natasha is moderately wounded.
Natasha claws you.
You hit Natasha.
Natasha is heavily wounded.
Natasha claws you but does no damage.
You barely miss Natasha.
Natasha is heavily wounded.
Natasha closely misses you.
You closely miss Natasha.
Natasha is heavily wounded.
Natasha claws you!
You miss Natasha.
Natasha is moderately wounded.
Natasha claws you.
* * * LOW HITPOINT WARNING * * *
You closely miss Natasha.
Natasha is moderately wounded.
Natasha closely misses you.
You barely miss Natasha.
Natasha is moderately wounded.
Natasha completely misses you.
You hit Natasha.
Natasha is severely wounded.
Natasha claws you.
You hit Natasha.
Natasha is almost dead.
Natasha casts a spell at you.
You feel yourself slow down.
Natasha stares at you and mumbles some strange words.
The magic dart hits you!
* * * LOW HITPOINT WARNING * * *
You closely miss Natasha.
Natasha is almost dead.
Natasha casts a spell at you. The magic dart hits you!
You die...

#.# ####.###
#.##...
##.#.#######
##.h.......
##.#.######
#†###h##
##h###.######.###
##@.............
##.#####.......
#..# .......
#.#.# ..#####
#.##.# ..# #.#
#.#..# #.# ...S#
#.# ...# #.#


You could see Natasha.

Vanquished Creatures
  Natasha (D:3)
  4 adders
  A gnoll (D:2)
  2 dart slugs
  6 ball pythons
  5 endoplasms
  A giant cockroach (D:1)
  6 goblins
  7 hobgoblins
  2 kobolds
  3 quokkas
  4 bats
  4 frilled lizards
  4 rats (D:1)
50 creatures vanquished.

Notes
Turn   | Place    | Note
-------+----------+-------------------------------------------
     0 | Abyss:1  | HungrySpirit the Mummy Abyssal Knight began the quest for
                  | the Orb.
     0 | Abyss:1  | Reached XP level 1. HP: 18/18 MP: 2/2
     7 | D:1      | Escaped the Abyss
   657 | D:1      | Reached skill level 1 in Dodging
   669 | D:1      | Reached XP level 2. HP: 20/24 MP: 3/3
  1871 | D:2      | Found a faded altar of an unknown god.
  1889 | D:2      | Reached XP level 3. HP: 29/29 MP: 4/4
  1972 | D:2      | Reached ** piety under Lugonu
  2351 | D:2      | Reached XP level 4. HP: 23/35 MP: 5/5
  2667 | D:2      | Noticed Terence
  3892 | D:3      | Noticed Natasha
  3916 | D:3      | Killed Natasha
  3927 | D:3      | Noticed Natasha
  3946 | D:3      | Killed from afar by Natasha

Illustrated notes

Levels and vault maps discovered:
D:1:      saegor_arrival_simple_e, layout_basic
D:2:      layout_basic, shapermc_ecumenical_altar_gd, nicolae_underground_beach,
          uniq_terence
D:3:      layout_basic, gammafunk_ghost_mausoleum, minmay_liquid_box,
          uniq_natasha

Skill      XL: |  1  2  3 |
---------------+----------+-----
Dodging        | 1 |  1.8
Unarmed Combat | 2 |  2.8
Armour         | 2 |  2.1
Fighting       | |  3.6
Short Blades   | |  0.6
Invocations    | |  1.5

Action                   |  1- 3 |  4- 6 || total
-------------------------+-------+-------++-------
Melee: Unarmed           |    31 |       ||    31
       Mace              |    18 |       ||    18
       Short sword       |   131 |    67 ||   198
       Punch             |     2 |     3 ||     5
Evoke: Wand              |       |     3 ||     3
Armor: Leather armour    |     7 |       ||     7
       Ring mail         |    60 |    21 ||    81
Dodge: Dodged            |   120 |    38 ||   158
